 Dungeon Crawl Stone Soup version 0.31-a0-271-gb88eb75e06 (webtiles) character file.

Game seed: 11719407475719117898

429 cforsyth the Ruffian (level 7, 0/55 HPs)
             Began as a Meteoran Shapeshifter on July 14, 2023.
             Slain by a scorpion (2 damage)
             ... on level 4 of the Dungeon.
             The game lasted 00:08:04 (999 turns).

cforsyth the Ruffian (Meteoran Shapeshifter)         Turns: 999, Time: 00:08:05

Health: 0/55       AC: 11    Str: 18      XL:     7   Next: 42%
Magic:  8/8        EV: 10    Int: 10      God:
Gold:   57         SH:  0    Dex: 12 (15) Spells: 6/6 levels left

rFire   . .          .
                       - Unarmed
rCold   . . .        (no shield)
rNeg    . . .        i - +1 scale mail
rPois   .            (helmet currently unavailable)
rElec   .            (cloak currently unavailable)
rCorr   .            (gloves currently unavailable)
SInv    .            (boots currently unavailable)
Will    .....        (no amulet) Stlth
                     k - +4 ring of protection
HPRegen 0.29/turn    (no ring)
MPRegen 0.11/turn

%: no passive effects
@: lethally poisoned (0 -> -5), beast-form, hasted, glowing, very quick
A: beast (slay +4), sense surroundings 1, otherworldly, glowing, explore regen
a: Begin Untransformation


You were on level 4 of the Dungeon.
You were a hulking beast.
You visited 1 branch of the dungeon, and saw 4 of its levels.

You collected 57 gold pieces.

Inventory:

Armour
 a - a +0 animal skin
 d - a +0 cloak
 i - a +1 scale mail (worn)
 m - a +0 cloak
Jewellery
 f - a ring of ice
 k - a +4 ring of protection (left hand)
Talismans
 c - a beast talisman


   Skills:
 - Level 2.1 Fighting
 - Level 2.4 Dodging
 + Level 6.3 Unarmed Combat
 + Level 6.1 Shapeshifting


You had 6 spell levels left.
You didn't know any spells.
Your spell library contained the following spells:

 Spells                   Type           Power      Damage    Failure   Level
 Poisonous Vapours        Pois/Air       0%         N/A       89%         2
 Sublimation of Blood     Necr           0%         N/A       89%         2
 Wereblood                Tmut           0%         N/A       89%         2
 Mephitic Cloud           Conj/Pois/Air  0%         N/A       98%         3
 Alistair's Intoxication  Tmut/Pois      0%         N/A       100%        5
 Borgnjor's Vile Clutch   Necr/Erth      0%         N/A       100%        5
 Freezing Cloud           Conj/Ice/Air   0%         6-21      100%        5
 Eringya's Noxious Bog    Tmut/Pois      0%         4d6       100%        6
 Summon Hydra             Summ           0%         N/A       100%        7


Dungeon Overview and Level Annotations

Branches:
Dungeon (4/15) Zot: 1412
 Temple: D:4-7

Altars:
Gozag
Okawaru
Qazlal


Innate Abilities, Weirdness & Mutations

You are a hulking beast.
Your limbs bulge with bestial killing power. (Slay +4)
You passively map a small area around you.
You are easily found by Zot.
You glow in the dark.
You regain HP and MP as you explore.


Message History

As you read the scroll labelled OGECKOITIU, it crumbles to dust.
It is a scroll of enchant weapon.
You aren't carrying any weapons that can be enchanted.
You kill your butterfly!
Your butterfly disappears in a burst of colours!
Your butterfly is engulfed in poison gas.
Your butterfly is poisoned.
You kill your butterfly!
Your butterfly disappears in a burst of colours!
The black bear bites your butterfly.
Your butterfly dies!
Your butterfly disappears in a burst of colours!
As you read the scroll labelled YDYTZO CAVY, it crumbles to dust.
Your body is wracked with pain!
* * * LOW HITPOINT WARNING * * *
The scorpion convulses!
The black bear convulses!
It was a scroll of torment.
You feel yourself speed up.
The scorpion stings you but does no damage.
The scorpion stings you.
* * * LOW HITPOINT WARNING * * *
You punch the black bear!
The black bear is severely wounded.
The black bear bites you but does no damage.
The black bear claws you but does no damage. x2
Unknown command.
You punch the black bear!
The black bear is almost dead.
The scorpion stings you.
* * * LOW HITPOINT WARNING * * *
You are lethally poisoned!
The scorpion poisons you! The black bear bites you.
* * * LOW HITPOINT WARNING * * *
The black bear claws you but does no damage.
The black bear barely misses you.
Unknown command.
You closely miss the black bear.
The black bear is almost dead.
* * * LOW HITPOINT WARNING * * *
You feel sick. The scorpion stings you.
You die...

...###..##.##.# #...##.........##
..†.##........# #...##......#....
....)....#....###......#....##...
###.....###.§.§§§§..........#....
# #.....#..§....☼☼......#.......#
....###....#§..○§##'#####....####
#...##.s.#.#§§...#.~.#.......###
....#...##☼#...#§#.~.####...##..#
##....w.w...☼.Shh#.~.###.........
##...#......#.§s#.~.#.....≈≈≈≈≈≈
, #...#....###.w.#.!.#.....§.§...
...........###..#####.....≈§§≈≈≈
#........##...##.# ##...§≈§≈_..
......S?.# ...∩### #....§§≈≈≈§
.... ....# .).* #....≈§§§..
,,..#..# ⌠.∩ #....≈≈§≈≈≈
##.#...≈..§


You could see a black bear, a scorpion, an adder and a dart slug.

Vanquished Creatures
  The ghost of Starbright the Stinger, a novice FoVM (D:4)
  An ogre (D:3)
  Robin (D:3)
  An adder (D:2)
  4 worms
  A dart slug (D:1)
  4 ball pythons
  A bat (D:2)
  3 endoplasms
  A giant cockroach (D:2)
  10 goblins
  4 hobgoblins
  4 jackals (D:1)
  3 quokkas
  2 frilled lizards
  4 kobolds
  2 rats (D:1)
47 creatures vanquished.

Notes
Turn   | Place    | Note
-------+----------+-------------------------------------------
     0 | D:1      | cforsyth the Meteoran Shapeshifter began the quest for the
                  | Orb.
     0 | D:1      | Reached XP level 1. HP: 17/17 MP: 2/2
    36 | D:1      | Reached XP level 2. HP: 11/24 MP: 3/3
    42 | D:1      | HP: 1/24 [jackal (1)]
   144 | D:1      | Reached XP level 3. HP: 10/29 MP: 4/4
   157 | D:1      | You fall into a shaft and drop 1 floor!
   194 | D:2      | Found a stormy altar of Qazlal.
   390 | D:2      | Reached XP level 4. HP: 10/36 MP: 5/5
   512 | D:3      | Noticed an ogre
   517 | D:3      | Killed an ogre
   518 | D:3      | Reached skill level 5 in Shapeshifting
   518 | D:3      | Reached XP level 5. HP: 41/41 MP: 6/6
   593 | D:3      | Noticed Robin
   603 | D:3      | Killed Robin
   613 | D:3      | Reached XP level 6. HP: 20/48 MP: 7/7
   822 | D:4      | Noticed a black bear
   832 | D:4      | Reached skill level 5 in Unarmed Combat
   848 | D:4      | Noticed an ogre
   861 | D:4      | Found a runed translucent door.
   872 | D:4      | Found an iron altar of Okawaru.
   877 | D:4      | Found an opulent altar of Gozag.
   922 | D:4      | Noticed Starbright's ghost (novice FoVM)
   958 | D:4      | Killed Starbright's ghost
   959 | D:4      | Reached XP level 7. HP: 11/55 MP: 8/8
   999 | D:4      | HP: 2/55 [poisoned by a scorpion]
   999 | D:4      | Slain by a scorpion

Illustrated notes

Levels and vault maps discovered:
D:1:      roderic_dead_forest, layout_basic, ebering_ecumenical_altar_hall,
          minmay_misc_feat_ornament, minmay_domino_2
D:2:      layout_basic, basic_altar, minmay_indecisive_spiral
D:3:      layout_basic, uniq_terence, uniq_robin
D:4:      layout_cave_pools, mainiacjoe_overflow_catwalk_spiral,
          ebering_ghost_reflecting_pool, nicolae_shop_clearance

Skill      XL: |  1  2  3  4  5  6 |
---------------+-------------------+-----
Unarmed Combat | 3 4 6 |  6.3
Shapeshifting  | 4 5 6 |  6.1
Fighting       | |  2.1
Dodging        | |  2.4

Action                     |  1- 3 |  4- 6 |  7- 9 || total
---------------------------+-------+-------+-------++-------
  Melee: Unarmed           |    82 |    69 |     3 ||   154
         Punch             |     3 |     3 |       ||     6
    Use: Potion            |     1 |     3 |     1 ||     5
         Scroll            |       |     2 |     6 ||     8
 Armour: Skin              |    11 |    18 |       ||    29
         Animal skin       |     8 |     6 |       ||    14
         Scale mail        |       |    11 |     7 ||    18
  Dodge: Dodged            |    34 |    16 |     1 ||    51

Table legend: (Time is in decaauts)
 A = Elapsed time spent in this place.
 B = Non-inter-level travel time spent in this place.
 C = Inter-level travel time spent in this place.
 D = Time resting spent in this place.
 E = Time spent auto-exploring this place.
 F = Levels seen in this place.
 G = Mean time per level.
                   A        B        C        D        E       F      G
               +--------+--------+--------+--------+--------+-----+--------+
         Total |    986 |    986 |      0 |     36 |     76 |   4 |  246.5 |
       Dungeon |    986 |    986 |      0 |     36 |     76 |   4 |  246.5 |
               +--------+--------+--------+--------+--------+-----+--------+

Top non-repeatable levels by time:
     D:3: 355 daAuts
     D:1: 235 daAuts
     D:2: 206 daAuts
     D:4: 189 daAuts
